 Dungeon Crawl Stone Soup version 0.25.1-2-g60ff931df9 (webtiles) character file.

Game seed: 12254250319451343539

302 gruber the Changer (level 6, 0/43 HPs)
             Began as a Merfolk Transmuter on Aug 25, 2020.
             Was an Initiate of Sif Muna.
             Killed from afar by an orc wizard (8 damage)
             ... with a magic dart
             ... on level 4 of the Dungeon.
             The game lasted 00:05:58 (4618 turns).

gruber the Changer (Merfolk Transmuter)             Turns: 4618, Time: 00:05:59

Health: 0/43       AC:  2    Str: 10    XL:     6   Next: 37%
Magic:  0/9        EV: 21    Int: 15    God:    Sif Muna [......]
Gold:   151        SH:  0    Dex: 19    Spells: 3/9 levels left

rFire    + . .     SeeInvis .     - Unarmed
rCold    . . .     Gourm    .   (shield currently unavailable)
rNeg     . . .     Faith    .   (armour currently unavailable)
rPois    x         Spirit   +   (helmet currently unavailable)
rElec    .         Reflect  .   (cloak currently unavailable)
rCorr    .         Harm     .   (gloves currently unavailable)
MR       .....                  (boots currently unavailable)
Stlth    ++........             o - amulet of guardian spirit
HPRegen  0.14/turn              (no ring)
MPRegen  0.11/turn              s - ring of protection from fire

@: spider-form (expiring), very slightly contaminated
A: tiny, (change form in water), (swift swim), (stealthy swim)
a: End Transformation, Renounce Religion


You were on level 4 of the Dungeon.
You worshipped Sif Muna.
Sif Muna was noncommittal.
You were hungry.
You were a venomous arachnid creature.
You visited 1 branch of the dungeon, and saw 4 of its levels.

You collected 151 gold pieces.

Inventory:

Missiles
 a - 47 arrows
Armour
 b - a +0 robe (melded)
 k - a scarf of invisibility (melded)
Jewellery
 i - an uncursed ring of ice
 o - an amulet of guardian spirit (around neck)
 s - a ring of protection from fire (right front leg)
Wands
 q - a wand of clouds (4)
Scrolls
 c - a scroll of enchant armour {unknown}
 e - 3 scrolls of random uselessness {unknown}
 f - 3 scrolls of identify {unknown}
 g - a scroll of fog {unknown}
 h - 3 scrolls of remove curse {unknown}
 l - 2 scrolls of amnesia {unknown}
 n - 3 scrolls of teleportation {unknown}
Potions
 j - 3 potions of brilliance
 p - a potion of curing {unknown}
 r - a potion of ambrosia {unknown}
 t - a potion of flight {unknown}
 u - a potion of invisibility {unknown}
Comestibles
 d - 10 rations


   Skills:
 - Level 1.1 Fighting
 - Level 2.6 Dodging
 - Level 5.1 Unarmed Combat
 - Level 2.0 Spellcasting
 * Level 7.0 Transmutations
 - Level 1.0 Poison Magic


You had 3 spell levels left.
You knew the following spells:

 Your Spells              Type           Power        Failure   Level  Hunger
a - Beastly Appendage     Tmut           ###...       6%          1    #......
b - Sticks to Snakes      Tmut           ###.....     8%          2    ###....
c - Spider Form           Tmut/Pois      ##........   30%         3    ###....

Your spell library contained the following spells:

 Spells                   Type           Power        Failure   Level  Hunger
 Blade Hands              Tmut           ###.......   56%         5    ######.
 Ice Form                 Ice/Tmut       ##......     67%         4    #####..


Dungeon Overview and Level Annotations

Branches:
Dungeon (4/15)
 Temple: D:4-7

Altars:
Okawaru
Sif Muna
Yredelemnul
The Shining One


Message History

The orc wizard hits you with a +0 dagger.
Unknown command.
Unknown command.
You hit the orc wizard but do no damage.
The orc wizard is poisoned.
The orc wizard is moderately wounded.
You are feeling hungry.
The orc completely misses you.
The orc wizard mumbles some strange words.
The orc wizard seems to speed up.
The orc wizard misses you.
Unknown command.
You hit the orc wizard.
The orc wizard is severely wounded.
The orc barely misses you.
The orc wizard points at you and mumbles some strange words.
The puff of frost hits you!
* * * LOW HITPOINT WARNING * * *
The orc wizard gestures at you while chanting.
The magic dart hits you!
You die...

##...##.##....#####.#
#....##
#...##+##..#.#.....#
#.##.##
#..................#
#......
#.##......#.........#
#......
....+......#.........#
##.....
....##....#+#.........#
##.....
........................#
#...##.
.................###.#..#
#...##.
...............os# #....#
#...##.
........[....oo.....##
#...##.
.............o......#
....###
######...####.......#
........ #....
#.......#......... #...
#.......#####..... .....
##...(... ....... ...
.....$. ....... .......


You could see 2 orc wizards and 2 orcs.

Vanquished Creatures
  Blork the orc (D:4)
  Ijyb (D:3)
  Natasha (D:4)
  A worker ant (D:4)
  4 adders
  2 gnolls (D:2)
  2 oozes
  4 dart slugs
  5 leopard geckos
  3 orcs (D:3)
  A ball python (D:1)
  3 giant cockroaches
  3 goblins
  8 hobgoblins
  3 jackals (D:3)
  9 kobolds
  2 quokkas
  2 bats
  7 frilled lizards
  7 rats
  A spectral orc (D:3)
70 creatures vanquished.

Vanquished Creatures (collateral kills)
  5 gnolls
5 creatures vanquished.

Grand Total: 75 creatures vanquished

Notes
Turn   | Place    | Note
-------+----------+-------------------------------------------
     0 | D:1      | gruber the Merfolk Transmuter began the quest for the Orb.
     0 | D:1      | Reached XP level 1. HP: 15/15 MP: 3/3
   101 | D:1      | Reached XP level 2. HP: 11/21 MP: 3/5
   960 | D:2      | Learned a level 2 spell: Sticks to Snakes
  1133 | D:2      | Reached XP level 3. HP: 10/26 MP: 0/6
  1459 | D:2      | Reached skill level 5 in Unarmed Combat
  1568 | D:2      | Learned a level 3 spell: Spider Form
  1586 | D:2      | Reached skill level 3 in Transmutations
  1586 | D:2      | Reached XP level 4. HP: 32/32 MP: 4/7
  1945 | D:2      | Found a glowing golden altar of the Shining One.
  2296 | D:2      | Reached skill level 4 in Transmutations
  2759 | D:3      | Noticed Ijyb
  2781 | D:3      | Killed Ijyb
  2781 | D:3      | Reached XP level 5. HP: 21/37 MP: 5/8
  2970 | D:3      | Reached skill level 1 in Poison Magic
  3152 | D:3      | Reached skill level 5 in Transmutations
  3404 | D:3      | Found a shimmering blue altar of Sif Muna.
  3575 | D:3      | Became a worshipper of Sif Muna the Loreminder
  3893 | D:3      | Found a basalt altar of Yredelemnul.
  4006 | D:3      | Found an iron altar of Okawaru.
  4205 | D:3      | Found a faded altar of an unknown god.
  4467 | D:4      | Noticed Blork the orc
  4477 | D:4      | Killed Blork the orc
  4477 | D:4      | Reached skill level 6 in Transmutations
  4477 | D:4      | Reached XP level 6. HP: 16/43 MP: 3/9
  4557 | D:4      | Noticed Natasha
  4566 | D:4      | Killed Natasha
  4608 | D:4      | Reached skill level 7 in Transmutations
  4618 | D:4      | Killed from afar by an orc wizard

Illustrated notes

Levels and vault maps discovered:
D:1:      minmay_arrival_wavy_path, layout_basic
D:2:      minmay_chambers_of_twos, layout_basic, lemuel_coloured_pillars_altar
D:3:      layout_loops_ring, nicolae_overflow_hidden_temple,
          lemuel_blue_sif_altar, yredelemnul_forgotten_temple_becter,
          first_ration, chequers_ecumenical_altar_grove, uniq_ijyb
D:4:      layout_basic, portal_sewer_entry_d, uniq_blork_the_orc, uniq_natasha

Skill      XL: |  1  2  3  4  5  6 |
---------------+-------------------+-----
Unarmed Combat | 4 5 |  5.1
Transmutations | 3 4 6 7 |  7.0
Poison Magic   | 1 |  1.0
Fighting       | |  1.1
Dodging        | |  2.6
Spellcasting   | |  2.0

Action                   |  1- 3 |  4- 6 || total
-------------------------+-------+-------++-------
Melee: Unarmed           |    71 |   173 ||   244
       Headbutt          |     4 |     6 ||    10
       Punch             |     1 |     1 ||     2
 Cast: Beastly Appendage |     9 |     8 ||    17
       Sticks to Snakes  |     4 |     5 ||     9
       Spider Form       |     1 |     9 ||    10
  Use: Potion            |       |     3 ||     3
 Stab: Sleeping          |     2 |     1 ||     3
  Eat: Chunk             |     3 |    11 ||    14
Armor: Robe              |     4 |    18 ||    22
       Skin              |       |     3 ||     3
Dodge: Dodged            |    49 |   106 ||   155
